 Dungeon Crawl Stone Soup version 0.25-a0-289-g406d6369f5 (webtiles) character file.

Game seed: 3697459823543497642, levelgen mode: deterministic

29752 Gargoyl the Agent of Entropy (level 13, 0/110 HPs)
             Began as a Centaur Abyssal Knight on Dec 12, 2019.
             Was a Priest of Lugonu.
             Slain by a death yak (23 damage)
             ... on level 5 of the Lair of Beasts on Dec 13, 2019.
             The game lasted 00:26:32 (20103 turns).

Gargoyl the Agent of Entropy (CeAK)                Turns: 20103, Time: 00:26:33

Health: 0/110      AC: 12    Str: 23    XL:     13   Next: 16%
Magic:  20/20      EV:  6    Int: 11    God:    Lugonu [***...]
Gold:   997        SH: 12    Dex: 15    Spells: 12/12 levels left

rFire    . . .     SeeInvis .   a - +5 hand axe (elec)
rCold    . . .     Gourm    .   u - +0 shield
rNeg     + . .     Faith    .   f - +0 plate armour
rPois    .         Spirit   .   A - +0 hat
rElec    .         Reflect  +   (no cloak)
rCorr    .         Harm     .   (no gloves)
MR       .....                  (no barding)
Stlth    ..........             l - +2 amulet of reflection
HPRegen  0.28/turn              n - +5 ring of strength
MPRegen  0.17/turn              y - ring "Jesos" {rN+ Dex+4}

@: very quick
A: large, hooves 3, deformed body, speed 2, tough skin 3
a: Depart the Abyss, Bend Space, Banish, Renounce Religion


You were on level 5 of the Lair of Beasts.
You worshipped Lugonu.
Lugonu was most pleased with you.
You were not hungry.

You visited 2 branches of the dungeon, and saw 14 of its levels.
You visited the Abyss 2 times.
You also visited: Ossuary.

You collected 997 gold pieces.

Inventory:

Hand Weapons
 a - a +5 hand axe of electrocution (weapon)
Missiles
 m - 4 javelins (quivered)
Armour
 f - a +0 plate armour (worn)
 u - a +0 shield (worn)
 A - a +0 hat (worn)
Jewellery
 l - a +2 amulet of reflection (around neck)
 n - a +5 ring of strength (left hand)
 s - an uncursed ring of see invisible
 y - the ring "Jesos" (right hand) {rN+ Dex+4}
   (You found it on level 1 of the Lair of Beasts)

   [ring of positive energy]

   It affects your dexterity (+4).
   It protects you from negative energy.
 C - an uncursed ring of protection from magic
 D - an uncursed ring of protection from magic
 H - an uncursed ring of wizardry {unknown}
Wands
 b - a wand of acid (30)
 d - a wand of iceblast (13)
 E - a wand of disintegration (5)
 F - a wand of polymorph (11)
 G - a wand of digging (3)
Scrolls
 i - 8 scrolls of remove curse
 o - a scroll of holy word
 p - 6 scrolls of identify
 r - 2 scrolls of magic mapping
 z - 5 scrolls of teleportation
 B - 2 scrolls of blinking
 J - a scroll of fog {unknown}
Potions
 e - a potion of resistance
 g - 6 potions of curing
 h - 3 potions of flight
 j - 3 potions of magic
 k - 4 potions of haste
 q - 3 potions of brilliance
 t - 2 potions of agility
 v - 2 potions of might
 w - 3 potions of lignification
 x - a potion of ambrosia
Comestibles
 c - 25 rations


   Skills:
 + Level 8.9 Fighting
 + Level 8.5 Axes
 + Level 4.3 Throwing
 * Level 9.8 Armour
 * Level 6.6 Dodging
 + Level 4.1 Shields
 * Level 10.5 Invocations
 + Level 3.8 Evocations


You had 12 spell levels left.
You didn't know any spells.
Your spell library contained the following spells:

 Spells                   Type           Power        Failure   Level  Hunger
 Animate Skeleton         Necr           N/A          100%        1    ##.....
 Apportation              Tloc           #.....       100%        1    ##.....
 Confusing Touch          Hex            #.....       100%        1    ##.....
 Magic Dart               Conj           #...         100%        1    ##.....
 Shock                    Conj/Air       #...         100%        1    ##.....
 Summon Butterflies       Summ           #.......     100%        1    ##.....
 Summon Small Mammal      Summ           #...         100%        1    ##.....
 Blink                    Tloc           N/A          100%        2    ###....
 Call Imp                 Summ           #.......     100%        2    ###....
 Slow                     Hex            #.......     100%        2    ###....
 Swiftness                Chrm/Air       #.......     100%        2    ###....
 Confuse                  Hex            #.......     100%        3    ####...
 Conjure Flame            Conj/Fire      #.......     100%        3    ####...
 Gell's Gravitas          Tloc           #.........   100%        3    ####...
 Lesser Beckoning         Tloc           #.........   100%        3    ####...
 Mephitic Cloud           Conj/Pois/Air  #.......     100%        3    ####...
 Static Discharge         Conj/Air       #.......     100%        3    ####...
 Tukima's Dance           Hex            #.......     100%        3    ####...
 Airstrike                Air            #.........   100%        4    #####..
 Petrify                  Tmut/Erth      #.......     100%        4    #####..
 Alistair's Intoxication  Tmut/Pois      #.......     100%        5    ######.
 Irradiate                Conj/Tmut      #.........   100%        5    ######.
 Lightning Bolt           Conj/Air       #.........   100%        5    ######.
 Metabolic Englaciation   Hex/Ice        #.........   100%        5    ######.
 Yara's Violent Unravell  Hex/Tmut       #.........   100%        5    ######.
 Hydra Form               Tmut           #.........   100%        6    #######
 Invisibility             Hex            #.......     100%        6    #######
 Statue Form              Tmut/Erth      #........    100%        6    #######
 Dragon Form              Tmut           #.........   100%        7    #######


Dungeon Overview and Level Annotations

Branches:
Dungeon (9/15)             Temple (0/1) D:5            Lair (5/6) D:9
 Shoals (0/4) Lair:3        Snake (0/4) Lair:3        Slime (0/5) Lair:5
Ossuary (visited)
    Orc: D:9-12

Altars:
Cheibriados
Dithmenos
Elyvilon
Gozag
Hepliaklqana
Kikubaaqudgha
Nemelex Xobeh
Okawaru
Qazlal
Uskayaw
Wu Jian
Yredelemnul
Jiyva


Innate Abilities, Weirdness & Mutations

You have hooves in place of feet.
Armour fits poorly on your strangely shaped body.
You cover ground very quickly.
You have extremely tough skin. (AC +3)


Message History

The blink frog hits you!
The blink frog blinks!
The death yak gores you!! You block the death yak's attack.
You block the blink frog's attack.
The blink frog blinks!
The blink frog blinks!
Found 18 arrows.
You hit the death yak.
Lightning courses through the death yak!
You kick the death yak!
The death yak is heavily wounded.
You completely miss the fungus.
The blink frog blinks!
The death yak gores you but does no damage.
You slash the death yak!
The death yak is heavily wounded.
You hit the fungus. The death yak gores you!!
* * * LOW HITPOINT WARNING * * *
You barely miss the death yak. You kick the death yak!
The death yak is severely wounded.
You hit the fungus. Lightning courses through the fungus!
The death yak gores you!!
You die...

.......Y.#####...#......##.
..........P.#.....##.>.....
...........P.#....##.......
..#................#.......
.####.....§...§..##.......^
......Y.#FF....P##....P..
........Y#Y......##.....#.
........P#Y##...###...P##.
.........@###.....#.......
......._>...#....##...#...
P..........P...###.......
P..............#........
##..(..........#........
#..............##.......
......##.......#........
.....# #.#..............
#......#......#.


You could see 4 death yaks and 2 blink frogs.

Vanquished Creatures
  Gastronok (Lair:2)
  Kirke (Lair:3)
  A two-headed ogre (D:9)
  2 death yaks
  Joseph (Lair:1)
  10 spiny frogs
  A smoke demon (Abyss:1)
  3 black mambas
  3 komodo dragons
  5 rime drakes (Lair:3)
  A kobold demonologist (D:9)
  Grinder (D:4)
  8 hippogriffs
  13 blink frogs
  A wyvern (Lair:4)
  A spriggan (D:7)
  3 hogs
  6 yaks
  A basilisk (Lair:1)
  3 fire bats (Lair:4)
  7 steam dragons (Lair:3)
  An acid dragon (Lair:3)
  2 large abominations (Abyss:2)
  5 water moccasins
  9 porcupines
  A sky beast (D:9)
  2 ice beasts
  A hornet zombie (D:7)
  2 orc warriors
  2 phantoms
  4 black bears
  3 ogres
  An eye of draining (D:8)
  9 centaurs
  6 wolves (Lair:1)
  4 crocodiles
  Blork the orc (D:6)
  7 big kobolds
  14 bullfrogs
  A wyvern skeleton (D:9)
  A jelly (D:5)
  5 scorpions
  13 killer bees
  A crimson imp (D:8)
  4 bullfrog zombies (Ossuary)
  4 centaur zombies
  A gnoll shaman (D:7)
  3 hounds
  2 orc priests
  A bullfrog skeleton (D:5)
  A centaur skeleton (D:9)
  Terence (D:2)
  4 iguanas
  4 worker ants
  4 orc wizards
  2 killer bee zombies (Ossuary)
  A centaur simulacrum (Abyss:2)
  3 hound zombies (Ossuary)
  A hound skeleton (D:4)
  12 mummies (Ossuary)
  2 howler monkey zombies (Ossuary)
  2 worker ant zombies (Ossuary)
  12 adders
  7 gnolls
  2 shadow imps
  An ooze (D:2)
  3 adder skeletons
  4 adder zombies
  5 worms
  3 dart slugs
  2 leopard geckos
  24 orcs
  4 giant cockroaches
  10 goblins
  4 hobgoblins (D:1)
  18 jackals
  7 quokkas
  3 ball pythons
  10 bats
  4 frilled lizards
  2 giant cockroach zombies (Ossuary)
  2 jackal skeletons (D:7)
  A jackal zombie (Ossuary)
  20 kobolds
  A leopard gecko skeleton (D:7)
  A leopard gecko zombie (Ossuary)
  3 quokka skeletons
  3 rats
  A fungus (Lair:3)
  A plant (Lair:3)
378 creatures vanquished.

Vanquished Creatures (others)
  A sixfirhy (Abyss:1)
  A steam dragon (Lair:3)
  A chaos spawn (Abyss:2)
  6 fungi
  A plant (Lair:4)
  3 withered plants (Ossuary)
13 creatures vanquished.

Grand Total: 391 creatures vanquished

Notes
Turn   | Place    | Note
-------+----------+-------------------------------------------
     0 | Abyss:1  | Gargoyl the Centaur Abyssal Knight began the quest for the
                  | Orb.
     0 | Abyss:1  | Reached XP level 1. HP: 19/19 MP: 2/2
    82 | Abyss:2  | Reached XP level 2. HP: 26/26 MP: 3/3
    82 | Abyss:2  | Noticed a chaos spawn
    84 | Abyss:2  | Killed a chaos spawn
    84 | Abyss:2  | Reached XP level 3. HP: 34/34 MP: 4/4
    84 | Abyss:2  | Reached XP level 4. HP: 41/41 MP: 5/5
   105 | Abyss:2  | Noticed a large abomination
   171 | Abyss:2  | Noticed a large abomination
   180 | Abyss:2  | Killed a large abomination
   180 | Abyss:2  | Reached skill level 5 in Fighting
   180 | Abyss:2  | Reached XP level 5. HP: 48/48 MP: 5/7
   180 | Abyss:2  | Noticed a smoke demon
   184 | Abyss:2  | Killed a large abomination
   184 | Abyss:2  | Reached skill level 3 in Invocations
   184 | Abyss:2  | Reached skill level 1 in Evocations
   184 | Abyss:2  | Reached XP level 6. HP: 39/57 MP: 5/8
   184 | Abyss:2  | Reached XP level 7. HP: 43/63 MP: 5/9
   185 | Abyss:2  | Noticed a rust devil
   187 | D:1      | Escaped the Abyss
   397 | D:1      | Reached * piety under Lugonu
  1065 | D:1      | Reached ** piety under Lugonu
  1065 | D:1      | Reached skill level 1 in Dodging
  1378 | D:2      | Found an iron altar of Okawaru.
  2127 | D:2      | Noticed Terence
  2146 | D:2      | Killed Terence
  2752 | D:3      | Found a basalt altar of Yredelemnul.
  2893 | D:3      | Found a shadowy altar of Dithmenos.
  2956 | D:3      | Reached *** piety under Lugonu
  3438 | D:4      | Found a sparkling altar of Nemelex Xobeh.
  3542 | D:4      | Found an opulent altar of Gozag.
  3607 | D:4      | Found a hide-covered altar of Uskayaw.
  3610 | D:4      | Found a hazy altar of Hepliaklqana.
  3613 | D:4      | Found a stormy altar of Qazlal.
  3696 | D:4      | Noticed Grinder
  3697 | D:4      | Paralysed by Grinder for 6 turns
  3711 | D:4      | Paralysed by Grinder for 2 turns
  3714 | D:4      | Reached skill level 5 in Axes
  3714 | D:4      | Reached skill level 5 in Armour
  3714 | D:4      | Reached skill level 6 in Invocations
  3714 | D:4      | Reached XP level 8. HP: 51/73 MP: 9/13
  3723 | D:4      | Killed Grinder
  3723 | D:4      | Reached XP level 9. HP: 35/79 MP: 10/14
  4340 | D:5      | Entered Level 5 of the Dungeon
  4346 | D:5      | Reached skill level 7 in Invocations
  4832 | D:5      | Found a snail-covered altar of Cheibriados.
  4912 | D:5      | Found a staircase to the Ecumenical Temple.
  5258 | D:6      | Found a white marble altar of Elyvilon.
  5349 | D:6      | Found an ancient bone altar of Kikubaaqudgha.
  5405 | D:6      | Noticed Blork the orc
  5416 | D:6      | Killed Blork the orc
  5824 | D:7      | Found a sand-covered staircase.
  5830 | Ossuary  | Entered an ossuary
  5971 | Ossuary  | Reached **** piety under Lugonu
  6925 | D:7      | Reached skill level 1 in Shields
  6925 | D:7      | Reached XP level 10. HP: 73/88 MP: 15/15
  7198 | D:7      | Found an ornate altar of the Wu Jian Council.
  7602 | D:8      | Reached ***** piety under Lugonu
  9266 | D:9      | Reached skill level 5 in Dodging
  9293 | D:9      | Noticed a two-headed ogre
  9309 | D:9      | Killed a two-headed ogre
  9701 | D:9      | Found a staircase to the Lair.
  9822 | D:9      | Reached skill level 8 in Invocations
 10249 | D:9      | Reached XP level 11. HP: 44/94 MP: 17/17
 10574 | D:9      | Identified a scroll of acquirement
 10600 | Lair:1   | Entered Level 1 of the Lair of Beasts
 11064 | Lair:1   | Noticed Joseph
 11076 | Lair:1   | Killed Joseph
 11758 | Lair:1   | Got a wavering brass ring
 11760 | Lair:1   | Identified the ring "Jesos" {rN+ Dex+4} (You found it on
                  | level 1 of the Lair of Beasts)
 13073 | Lair:2   | Reached ****** piety under Lugonu
 13804 | Lair:2   | Noticed Gastronok
 13952 | Lair:2   | Killed Gastronok
 13952 | Lair:2   | Reached skill level 9 in Invocations
 13952 | Lair:2   | Reached XP level 12. HP: 101/103 MP: 18/18
 14243 | Lair:3   | Found a staircase to the Snake Pit.
 14244 | Lair:3   | Upgraded the game from 0.25-a0-287-g56a5b49892 to
                  | 0.25-a0-289-g406d6369f5
 14657 | Lair:3   | Found a staircase to the Shoals.
 15291 | Lair:3   | Escaped the Abyss
 15734 | Lair:3   | Noticed a five-headed hydra
 15736 | Lair:3   | Banished a five-headed hydra
 16742 | Lair:4   | Noticed Kirke
 16980 | Lair:3   | Noticed a sphinx
 16992 | Lair:3   | Killed Kirke
 16992 | Lair:3   | Reached skill level 10 in Invocations
 17303 | Lair:4   | Noticed a death yak
 17593 | Lair:4   | Killed a death yak
 18177 | Lair:4   | Noticed a death yak
 18213 | Lair:4   | Noticed a death yak
 18217 | Lair:4   | Reached XP level 13. HP: 110/110 MP: 20/20
 20058 | Lair:5   | Found a staircase to the Slime Pits.
 20059 | Lair:5   | Found a viscous altar of Jiyva.
 20103 | Lair:5   | Slain by a death yak

Levels and vault maps discovered:
D:1:      lightli_arrival_lavapool, layout_basic
D:2:      layout_rooms, okawaru_gym_becter, st_stairs_6, uniq_terence
D:3:      layout_basic, grunt_dithmenos_smoke, lemuel_doored_altar,
          hangedman_glass_teeth
D:4:      layout_basic, kennysheep_little_box, grunt_temple_overflow_diamond,
          nemelex_xobeh_ov_fountains_minmay, first_ration, serial_forest,
          infiniplex_forest_lined_room_, infiniplex_forest_straight_2,
          infiniplex_forest_lined_room_3, infiniplex_forest_clump_C,
          infiniplex_forest_straight_3, infiniplex_forest_join,
          infiniplex_forest_clump_medium, uniq_grinder
D:5:      layout_gridville, cheibriados_altar_1, minmay_temple_entry_waves
D:6:      layout_gridville, kiku_gazebo_pond_becter, overflow_temple_1_default,
          uniq_blork_the_orc
D:7:      layout_loops_ring, lemuel_round_altar, nicolae_ossuary_entry_plus,
          the_bakery
D:8:      layout_basic
D:9:      layout_roguey, lair_entry_dummy, special_room [special_room_kobold]
Lair:1:   layout_small_grid, uniq_joseph
Lair:2:   layout_small_grid, uniq_gastronok
Lair:3:   wander_river, layout_loops_ring, minmay_shoals_entry_centaurs,
          dummy_snake_entry, bobbens_dragon_lair_wall
Lair:4:   beast_lair_carwin_large_1, layout_regular_city,
          nicolae_volcano_entry_batcave, uniq_kirke
Lair:5:   layout_small_grid, slime_altar_1, minivault_11, lemuel_fruit_fields,
          minmay_lair_oklob_chamber

Skill      XL: |  1  2  3  4  5  6  7  8  9 10 11 12 |
---------------+-------------------------------------+-----
Fighting       | 4 5 6 7 8 |  8.9
Axes           | 2 3 5 6 7 8 |  8.5
Armour         | 2 5 6 8 9 |  9.8
Invocations    | 3 6 7 8 9 10 | 10.5
Evocations     | 1 3 |  3.8
Dodging        | 4 5 6 |  6.6
Throwing       | 3 4 |  4.3
Shields        | 1 2 3 4 |  4.1

Action                   |  1- 3 |  4- 6 |  7- 9 | 10-12 | 13-15 || total
-------------------------+-------+-------+-------+-------+-------++-------
Melee: Hand axe          |       |       |   608 |   708 |    79 ||  1395
       Kick              |       |       |   167 |   202 |    37 ||   406
       Unarmed           |       |       |       |     6 |       ||     6
Throw: Javelin           |       |       |     7 |    14 |       ||    21
Invok: Depart the Abyss  |       |       |     1 |     1 |       ||     2
       Bend Space        |       |       |       |     2 |       ||     2
       Banish            |       |       |       |     5 |     7 ||    12
       Enter the Abyss   |       |       |       |     1 |       ||     1
Evoke: Wand              |     4 |     8 |     5 |    10 |       ||    27
  Use: Scroll            |       |       |    15 |    17 |       ||    32
       Potion            |       |       |     3 |     6 |       ||     9
 Stab: Distracted        |       |       |       |     1 |       ||     1
  Eat: Chunk             |       |       |    12 |    29 |     4 ||    45
       Ration            |       |       |     1 |     2 |     1 ||     4
Armor: Plate armour      |       |       |   444 |   395 |    36 ||   875
Dodge: Dodged            |       |       |    94 |   126 |    15 ||   235
Block: Other             |       |       |    11 |       |       ||    11
       Shield            |       |       |    97 |   417 |    45 ||   559
       Reflection        |       |       |       |     9 |       ||     9

Table legend:
 A = Non-vault XP
 B = Vault XP
 C = Vault XP percentage of total XP
 D = Non-vault monster count
 E = Vault monster count
 F = Vault count percentage of total count
                 A         B        C        D         E       F
            +---------+---------+-------+---------+---------+-------
      Total |   25321 |   15940 |  38.6 |     293 |      88 |  23.1
            +---------+---------+-------+---------+---------+-------
        D:1 |     115 |       0 |   0.0 |      36 |       0 |   0.0
        D:2 |     136 |      37 |  21.4 |      25 |       2 |   7.4
        D:3 |      37 |       0 |   0.0 |      10 |       0 |   0.0
        D:4 |     247 |     272 |  52.4 |      15 |       1 |   6.2
        D:5 |     420 |       0 |   0.0 |      16 |       0 |   0.0
        D:6 |     366 |      96 |  20.8 |      12 |       1 |   7.7
        D:7 |     986 |     215 |  17.9 |      27 |       1 |   3.6
        D:8 |    1876 |     100 |   5.1 |      41 |       1 |   2.4
        D:9 |    2555 |     871 |  25.4 |      31 |      12 |  27.9
     Lair:1 |    5087 |     460 |   8.3 |      25 |       1 |   3.8
     Lair:2 |    4679 |    2255 |  32.5 |      19 |       1 |   5.0
     Lair:3 |    2884 |    8142 |  73.8 |      10 |      23 |  69.7
     Lair:4 |    3134 |    2681 |  46.1 |      14 |      10 |  41.7
     Lair:5 |    1180 |       0 |   0.0 |       6 |       0 |   0.0
    Abyss:1 |     809 |       0 |   0.0 |       2 |       0 |   0.0
    Abyss:2 |     810 |       0 |   0.0 |       4 |       0 |   0.0
    Ossuary |       0 |     811 | 100.0 |       0 |      35 | 100.0
            +---------+---------+-------+---------+---------+-------
